 Dungeon Crawl Stone Soup version 0.30.1-3-gfc49f6343a (webtiles) character file.

Game seed: 134240901962221159

414 Heoruswealwe the Magician (level 6, -7/32 HPs)
             Began as a Deep Elf Conjurer on July 21, 2023.
             Mangled by an ice beast (12 damage)
             ... on level 6 of the Dungeon.
             The game lasted 00:34:45 (3376 turns).

Heoruswealwe the Magician (Deep Elf Conjurer)       Turns: 3376, Time: 00:34:46

Health: -7/32      AC:  2    Str:  4    XL:     6   Next: 60%
Magic:  0/18       EV: 12    Int: 25    God:
Gold:   224        SH:  0    Dex: 13    Spells: 3/19 levels left

rFire   . . .        (no weapon)
rCold   . . .        (no shield)
rNeg    . . .        (no body armour)
rPois   .            (no helmet)
rElec   .            (no cloak)
rCorr   .            f - +0 pair of gloves
SInv    .            e - +0 pair of boots
Will    .....        (no amulet)
Stlth   ++           (no ring)
HPRegen 0.25/turn    (no ring)
MPRegen 0.16/turn

%: no passive effects
@: no status effects
A: no striking features
a: no special abilities


You were on level 6 of the Dungeon.
You visited 2 branches of the dungeon, and saw 6 of its levels.

You collected 224 gold pieces.

Inventory:

Hand Weapons
 b - a +0 war axe
Armour
 e - a +0 pair of boots (worn)
 f - a +0 pair of gloves (worn)
 p - a +0 robe
 r - a +0 robe
Wands
 t - a wand of quicksilver (13)
Scrolls
 a - 3 scrolls of fog {unknown}
 c - a scroll of enchant weapon {unknown}
 h - a scroll of vulnerability {unknown}
 j - 4 scrolls of teleportation {unknown}
 k - a scroll of fear {unknown}
 l - a scroll of immolation {unknown}
 o - 2 scrolls of identify {unknown}
 q - 2 scrolls of magic mapping {unknown}
 s - a scroll of noise {unknown}
 u - a scroll of butterflies {unknown}
Potions
 d - a potion of brilliance {unknown}
 g - a potion of berserk rage {unknown}
 i - 2 potions of heal wounds {unknown}
 m - 2 potions of lignification {unknown}
 n - a potion of invisibility {unknown}


   Skills:
 - Level 2.4 Dodging
 - Level 2.4 Stealth
 + Level 7.0 Spellcasting
 + Level 6.9 Conjurations


You had 3 spell levels left.
You knew the following spells:

 Your Spells              Type           Power      Damage    Failure   Level
a - Magic Dart            Conj           100%       1d8       1%          1
b - Searing Ray           Conj           86%        2d7       1%          2
c - Momentum Strike       Conj/Tloc      52%        3d9       2%          2
d - Dazzling Flash        Conj/Hex       52%        N/A       4%          3
e - Fulminant Prism       Conj/Hex       13%        3d8       16%         4
f - Iskenderun's Mystic   Conj/Tloc      26%        2d7       16%         4

Your spell library contained the following spells:

 Spells                   Type           Power      Damage    Failure   Level
 Blink                    Tloc           16%        N/A       10%         2
 Lesser Beckoning         Tloc           16%        N/A       10%         2
 Frozen Ramparts          Ice            16%        1d3       21%         3
 Ice Form                 Ice/Tmut       8%         N/A       54%         4
 Summon Ice Beast         Ice/Summ       8%         N/A       54%         4


Dungeon Overview and Level Annotations

Branches:
Dungeon (4/15)             Temple (1/1) D:4

Altars:
Cheibriados
Dithmenos
Fedhas
Gozag
Okawaru
Ru
Xom
Yredelemnul
The Shining One


Message History

Casting: Magic Dart (safe; 1% risk of failure)
Confirm with . or Enter, or press ? or * to list all spells.
Aiming: Momentum Strike (safe; 2% risk of failure)
Press: ? - help, Dir - move target, f/p - ice beast
Aim: an ice beast (moderately wounded, 74% to hit)
The concentrated momentum misses the ice beast.
Casting: Momentum Strike (safe; 2% risk of failure)
Confirm with . or Enter, or press ? or * to list all spells.
Aiming: Searing Ray (safe; 1% risk of failure)
Press: ? - help, Shift-Dir - straight line, f/p - ice beast
Aim: an ice beast (moderately wounded, 82% to hit)
The searing ray hits the ice beast!
The ice beast is heavily wounded. (Press . to maintain the ray.)
The searing ray misses the ice beast.
Found a stone staircase leading up.
Found a stone staircase leading down.
Found a stone staircase leading up.
The ice beast attacks as you move away! The ice beast closely misses you.
Found 16 gold pieces.
Casting: Searing Ray (safe; 1% risk of failure)
Confirm with . or Enter, or press ? or * to list all spells.
Aiming: Searing Ray (safe; 1% risk of failure)
Press: ? - help, Shift-Dir - straight line, f/p - ice beast
Aim: an ice beast (heavily wounded, 82% to hit)
The searing ray hits the ice beast.
The ice beast is severely wounded. (Press . to maintain the ray.)
The ice beast barely misses you.
Really attack while wielding nothing?
Okay, then.
The ice beast attacks as you move away! The ice beast closely misses you.
The ice beast attacks as you move away! The ice beast hits you.
The ice beast freezes you!
* * * LOW HITPOINT WARNING * * *
There is a stone staircase leading up here.
The ice beast attacks as you move away! The ice beast hits you.
* * * LOW HITPOINT WARNING * * *
The ice beast freezes you!
You die...

.. .. ####.. #.##.
..#$. #..<.##...# .#
#......... .###
##........# ...###.
..........# .#..#..
#........#######...
... #.....@Y.....##..#
..# #....>.[.###.##.#
$..
#.####.#........####.#
#.########......## #..
#.#...... ##.
#.####.#. # ..# .#
.##. .. #. . ..#


You could see an ice beast.

Vanquished Creatures
  An ice beast (D:6)
  A centaur (D:3)
  A jelly (D:4)
  An orc priest (D:4)
  2 orc wizards (D:4)
  An iguana (D:4)
  3 adders
  A white imp (D:6)
  An ufetubus (D:6)
  13 orcs
  6 ball pythons
  5 endoplasms
  2 giant cockroaches
  5 goblins
  6 hobgoblins
  4 jackals (D:1)
  2 quokkas
  2 bats (D:1)
  4 frilled lizards
  7 kobolds
  A rat (D:1)
69 creatures vanquished.

Notes
Turn   | Place    | Note
-------+----------+-------------------------------------------
     0 | D:1      | Heoruswealwe the Deep Elf Conjurer began the quest for the
                  | Orb.
     0 | D:1      | Reached XP level 1. HP: 10/10 MP: 6/6
    71 | D:1      | Reached XP level 2. HP: 15/15 MP: 1/8
   174 | D:1      | Learned a level 2 spell: Searing Ray
   177 | D:1      | Learned a level 2 spell: Momentum Strike
   469 | D:1      | Reached skill level 4 in Spellcasting
   522 | D:1      | Reached skill level 5 in Conjurations
   522 | D:1      | Reached XP level 3. HP: 19/19 MP: 5/10
   526 | D:1      | Learned a level 3 spell: Dazzling Flash
   958 | D:2      | Found a blossoming altar of Fedhas.
  1667 | D:3      | Noticed a centaur
  1671 | D:3      | Killed a centaur
  1672 | D:3      | Reached skill level 5 in Spellcasting
  1672 | D:3      | Reached XP level 4. HP: 24/24 MP: 5/13
  1677 | D:3      | Learned a level 4 spell: Fulminant Prism
  1847 | D:2      | You fall into a shaft and drop 2 floors!
  1881 | D:4      | Reached XP level 5. HP: 27/28 MP: 9/14
  2235 | D:3      | Identified the +2 scale mail of Contentment {Fly}
  2345 | D:3      | Found a shimmering altar of Xom.
  2903 | D:4      | Reached skill level 6 in Spellcasting
  2923 | D:4      | Learned a level 4 spell: Iskenderun's Mystic Blast
  3000 | D:4      | Found a staircase to the Ecumenical Temple.
  3009 | Temple   | Entered the Ecumenical Temple
  3084 | D:4      | Reached XP level 6. HP: 23/32 MP: 7/17
  3336 | D:3      | You fall into a shaft and drop 3 floors!
  3342 | D:6      | Noticed an ice beast
  3353 | D:6      | Killed an ice beast
  3354 | D:6      | Reached skill level 7 in Spellcasting
  3361 | D:6      | Noticed an ice beast
  3376 | D:6      | Mangled by an ice beast

Illustrated notes

Levels and vault maps discovered:
D:1:      lightli_arrival_noodles, layout_basic, interstate_on_off
D:2:      layout_basic, basic_altar, kennysheep_generic_room_10
D:3:      layout_rooms, tgw_xom, minivault_23, minmay_door_square,
          kennysheep_cross_bottleneck
D:4:      layout_basic, lemuel_zombie_altar_kikubaaqudgha,
          lemuel_temple_firewalk_b
D:6:      layout_rooms, mainiacjoe_overflow_boulevard, uniq_sigmund,
          uniq_duvessa, uniq_pikel
Temple:   hellmonk_temple_micro_hex

Skill      XL: |  1  2  3  4  5  6 |
---------------+-------------------+-----
Spellcasting   | 4 5 6 7 |  7.0
Conjurations   | 5 6 |  6.9
Dodging        | |  2.4
Stealth        | |  2.4

Action                     |  1- 3 |  4- 6 || total
---------------------------+-------+-------++-------
   Cast: Magic Dart        |    72 |    50 ||   122
         Searing Ray       |     1 |     7 ||     8
         Momentum Strike   |     1 |     4 ||     5
    Use: Potion            |     1 |       ||     1
 Armour: Robe              |     4 |       ||     4
         Skin              |       |     1 ||     1
  Dodge: Dodged            |    24 |    12 ||    36
